 Dungeon Crawl Stone Soup version 0.20.0-15-g7f486f2 (webtiles) character file.

215667 Jannitor the Scorcher (level 18, -1/150 HPs)
             Began as a Demigod Fire Elementalist on June 10, 2017.
             Killed from afar by Mara (illusionary) (31 damage)
             ... with a bolt of fire
             ... on level 3 of the Swamp.
             The game lasted 03:57:07 (66956 turns).

Jannitor the Scorcher (Demigod Fire Elementalist)  Turns: 66956, Time: 03:57:07

Health: -1/150     AC: 26    Str: 15    XL:     18   Next: 6%
Magic:  19/38      EV: 16    Int: 34    God:
Gold:   2174       SH:  0    Dex: 16    Spells: 9/38 levels left

rFire    . . .     SeeInvis +   s - staff of fire
rCold    + + +     Gourm    .   (no shield)
rNeg     . . .     Faith    .   Y - +1 ice dragon scales
rPois    +         Spirit   .   w - +2 hat {SInv}
rElec    .         Reflect  .   B - +2 cloak {MR+}
rCorr    .         Harm     .   J - +1 pair of gloves {archery}
MR       ++...                  e - +0 pair of boots
Stlth    ..........             D - amulet of regeneration
Regen    0.8/turn               P - ring of protection from cold (curse)
MPRegen  0.3/turn               M - ring of poison resistance

@: brilliant, flying
A: rugged brown scales 1, clever 1, high mp 1, sturdy frame 1
a: no special abilities


You were on level 3 of the Swamp.
You were not hungry.

You visited 5 branches of the dungeon, and saw 30 of its levels.
You also visited: Labyrinth, Sewer and Ice Cave.

You collected 3252 gold pieces.
You spent 1078 gold pieces at shops.

Inventory:

Hand Weapons
 N - the +8 quarterstaff "Puasedgh" {drain, rElec rN++}
   (You bought it in a shop on level 2 of the Orcish Mines)

   A truly terrible weapon, it drains the life of those it strikes.
   It insulates you from electricity.
   It greatly protects you from negative energy.
Armour
 b - a +0 crystal plate armour of cold resistance
 e - a +0 pair of boots (worn)
 l - a +1 shield of protection
 o - +0 acid dragon scales
 w - a +2 hat of see invisible (worn)
 B - a +2 cloak of magic resistance (worn)
 J - a +1 pair of gloves of archery (worn)
 Y - +1 ice dragon scales (worn)
Magical Staves
 i - an uncursed staff of power
 s - an uncursed staff of fire (weapon)
 u - an uncursed staff of earth
 R - an uncursed staff of energy
Jewellery
 y - a +3 ring of dexterity {unknown}
 D - an amulet of regeneration (around neck)
 G - an uncursed ring of flight
 M - a ring of poison resistance (right hand)
 P - a cursed ring of protection from cold (left hand)
 U - an uncursed ring of protection from magic
Wands
 f - a wand of disintegration (6/24)
 q - a wand of iceblast (4/15)
 t - a wand of lightning (3/15)
 z - a wand of digging (17/24)
 Q - a wand of acid (0/15)
 S - a wand of clouds (6/9)
Scrolls
 a - a scroll of immolation
 d - 3 scrolls of identify
 k - 6 scrolls of recharging
 n - 4 scrolls of amnesia
 C - 4 scrolls of enchant weapon
 E - 6 scrolls of magic mapping
 K - a scroll of silence
 O - 7 scrolls of remove curse
 X - 3 scrolls of fog
Potions
 h - 2 potions of curing
 j - a potion of brilliance
 m - 4 potions of mutation
 A - a potion of resistance
 H - a potion of agility
 I - 4 potions of lignification
Books
 g - a book of Power

   Spells                             Type                      Level
   a - Iskenderun's Battlesphere      Conjuration/Charms           5
   b - Venom Bolt                     Conjuration/Poison           5
   c - Bolt of Magma                  Conjuration/Fire/Earth       5
   d - Iron Shot                      Conjuration/Earth            6
   e - Orb of Destruction             Conjuration                  7
   f - Spellforged Servitor           Conjuration/Summoning        7
 V - a book of Fire

   Spells                             Type                      Level
   a - Ignite Poison                  Fire/Transmutation/Poison    3
   b - Fireball                       Conjuration/Fire             5
   c - Bolt of Fire                   Conjuration/Fire             6
   d - Ring of Flames                 Charms/Fire                  7
   e - Ignition                       Fire                         8
Comestibles
 c - a bread ration
 v - 52 fruits
 x - 4 royal jellies
 T - 2 meat rations


   Skills:
 - Level 9.6 Fighting
 + Level 11.0 Staves
 + Level 13.1 Armour
 - Level 10.2 Dodging
 - Level 1.7 Stealth
 - Level 10.7 Spellcasting
 + Level 12.6 Conjurations
 + Level 15.3 Fire Magic
 - Level 6.0 Evocations


You had 9 spell levels left.
You knew the following spells:

 Your Spells              Type           Power        Failure   Level  Hunger
a - Flame Tongue          Conj/Fire      #####        0%          1    None
b - Conjure Flame         Conj/Fire      ########     1%          3    None
c - Sticky Flame          Conj/Fire      ########     1%          4    None
d - Fireball              Conj/Fire      ########..   1%          5    ##.....
e - Summon Butterflies    Summ           #####...     1%          1    None
f - Bolt of Fire          Conj/Fire      ########..   1%          6    ####...
g - Sublimation of Blood  Necr           #####.....   1%          2    None
h - Orb of Destruction    Conj           #######...   3%          7    ######.


Dungeon Overview and Level Annotations

Branches:
Dungeon (15/15)            Temple (0/1) D:5            Lair (6/6) D:11
  Swamp (3/4) Lair:2       Spider (4/4) Lair:4        Slime (0/5) Lair:6
    Orc (2/2) D:9             Elf (0/3) Orc:2        Vaults (0/5) D:14
 Depths (0/5) D:15

Shops:
D:10 !   D:11 %   D:14 [   Orc:2 [(:*

Annotations:
Swamp:3 mara, Mara
Spider:4 2 exclusions


Innate Abilities, Weirdness & Mutations

You have an increased reservoir of magic. (+10% MP)
You are partially covered in rugged brown scales. (AC +1, +3% HP)
Your mind is acute. (Int +2)
Your movements are slightly less encumbered by armour. (ER -2)


Message History

Mara hits you but does no damage.
Jannitor's illusion casts a spell.
Mara closely misses you.
Mara splashes around in the water.
Jannitor's illusion hits you but does no damage.
Mara blinks!
Mara blinks!
Mara gestures at you. The bolt of fire hits you! The fire burns you terribly!
Ouch! That really hurt!
* * * LOW HITPOINT WARNING * * *
Mara blinks!
Unknown command.
Unknown command.
Wield which item (- for none, * to show all)? (? for menu, Esc to quit)
s - an uncursed staff of fire (weapon)
The butterfly disappears in a puff of smoke!
Mara gestures at you. The bolt of fire hits you!
You die...

≈,,*** ♣....♣ **≈,≈**
♣≈≈≈.♣♣ **,,,,**
♣♣♣.≈≈.≈♣♣♣♣♣ **≈≈≈≈,**
♣♣≈..≈≈≈..≈♣≈♣♣ ***,≈≈≈,*
♣≈..≈≈≈§......♣
,**,≈≈≈,**♣.≈≈≈≈≈÷<.≈...♣
,**,,*≈,,*♣♣.≈≈≈≈≈≈.≈♣.≈♣♣
,,*****,≈*♣≈.≈≈≈≈b.≈≈♣...♣
≈≈,** **≈*♣♣..≈§@≈♣♣♣♣♣♣♣♣
,,,,* *♣♣♣♣♣§.§≈..≈≈..♣♣♣
,..≈♣** ♣≈♣RR§§@≈≈≈......♣
,....≈* ♣≈≈≈≈§≈b≈b≈≈≈≈≈≈♣
,..≈≈≈** ♣≈.§≈≈≈b≈≈≈≈≈≈≈≈♣
≈≈≈≈≈≈≈* ♣♣..≈≈b≈≈≈...≈♣♣♣
≈≈≈≈≈≈≈* ♣≈.bb≈≈≈≈§.§≈♣
,,,#§≈≈♣♣♣♣♣♣...♣♣≈≈≈♣♣♣
**#.#≈≈≈≈♣♣ ♣♣≈.≈♣.≈≈≈♣


You could see Jannitor's illusion.

Vanquished Creatures
  Nikola (Spider:2)
  Arachne (Spider:2)
  A tentacled monstrosity (Swamp:1)
  Rupert (D:13)
  Asterion (Spider:2)
  Frances (D:12)
  Agnes (Spider:2)
  Kirke (Swamp:2)
  2 thorn hunters
  Donald (Spider:3)
  4 ghost moths
  7 emperor scorpions
  2 orc warlords
  2 entropy weavers
  An ettin (Orc:2)
  A blizzard demon (IceCv)
  A minotaur (Lab)
  A vault guard (D:14)
  2 catoblepae
  4 centaur warriors
  13 hydras
  3 ghost crabs
  Erica (D:11)
  A death knight (D:13)
  8 two-headed ogres
  13 alligators
  7 dancing weapons (Spider:3)
  A tengu warrior (D:15)
  5 orc high priests
  2 death yaks
  A skeletal warrior (D:13)
  A glowing orange brain (D:15)
  A spriggan druid (Swamp:2)
  7 unseen horrors
  A swamp dragon (Swamp:1)
  4 shambling mangroves
  3 orc knights
  Pikel (D:8)
  22 ugly things
  22 orb spiders
  A wolf spider zombie (D:15)
  4 cyclopes
  2 manticores
  44 wolf spiders
  4 orc sorcerers
  A salamander (shapeshifter) (D:15)
  5 moths of wrath
  7 elephants
  5 black mambas
  A centaur zombie (D:14)
  26 spiny frogs
  2 ice statues (IceCv)
  3 rime drakes
  2 gargoyles
  2 torpor snails
  3 centaur skeletons
  A spiny frog (shapeshifter) (D:15)
  A kobold demonologist (D:15)
  10 ice devils (IceCv)
  3 komodo dragons
  A rime drake (shapeshifter) (D:15)
  An efreet (D:13)
  A freezing wraith (D:13)
  16 demonic crawlers
  A queen bee (Spider:3)
  A tengu conjurer (D:15)
  56 jumping spiders
  A queen bee (shapeshifter) (D:15)
  4 trolls
  4 tyrant leeches
  6 meliai
  A jumping spider (shapeshifter) (D:15)
  8 polar bears
  23 hornets
  8 blink frogs
  A meliai zombie (D:15)
  13 slime creatures
  2 dream sheep (Lair:6)
  8 bog bodies
  16 hippogriffs
  A water elemental (D:14)
  17 spriggans
  48 tarantellas
  A shadow (D:12)
  56 redbacks
  3 wyverns
  46 yaks
  3 hungry ghosts
  3 wraiths
  5 hogs (Swamp:2)
  Grum (D:8)
  3 basilisks
  20 vampire mosquitoes
  Menkaure (D:5)
  6 wargs
  2 acid dragons
  16 swamp worms
  21 insubstantial wisps
  Duvessa (D:4)
  2 swamp drakes (Swamp:1)
  16 water moccasins
  42 orc warriors
  12 porcupines
  A slave (D:8)
  3 phantoms
  7 sky beasts
  5 black bears
  4 ice beasts
  13 boggarts
  23 ogres
  An eye of draining (D:14)
  61 wolves
  20 centaurs
  16 crocodiles
  8 big kobolds
  Blork the orc (D:5)
  28 bullfrogs
  Dowan (D:3)
  2 scorpions
  2 water moccasin skeletons
  23 killer bees
  13 wights
  7 howler monkeys
  An electric eel (Lair:3)
  2 bullfrog zombies
  13 crimson imps
  2 jellies
  2 quasits
  13 hounds
  25 orc priests
  34 orc wizards
  Ijyb (D:5)
  9 iguanas
  6 bullfrog skeletons
  17 worker ants
  2 killer bee zombies (D:7)
  A hound zombie (D:9)
  A hound skeleton (D:11)
  A worker ant zombie (D:6)
  A howler monkey zombie (D:11)
  3 gnolls (D:11)
  17 adders
  A river rat (Sewer)
  4 shadow imps
  10 white imps (IceCv)
  7 ufetubi (IceCv)
  5 oozes
  An adder zombie (D:9)
  2 adder skeletons (D:2)
  16 worms
  3 dart slugs
  4 leopard geckos
  129 orcs
  9 ball pythons
  A bat zombie (D:2)
  9 giant cockroaches
  7 goblins
  11 hobgoblins
  3 jackals (D:2)
  3 quokkas
  7 bats
  5 frilled lizards
  12 kobolds
  A quokka skeleton (D:6)
  A quokka zombie (D:9)
  15 rats
  5 briar patches (Swamp:3)
  2 bushes (Lair:6)
  2 fungi (D:11)
  2 plants
1445 creatures vanquished.

Vanquished Creatures (others)
  An orb spider (Spider:1)
  A wolf spider (Spider:3)
  2 redbacks
  A shadow (Swamp:2)
  A human (Swamp:2)
  A slave (D:8)
  A jelly (D:8)
  3 white imps (IceCv)
  An ufetubus (IceCv)
  A fire vortex (Swamp:1)
  34 fungi
  34 plants
81 creatures vanquished.

Grand Total: 1526 creatures vanquished

Notes
Turn   | Place    | Note
-------+----------+-------------------------------------------
     0 | D:1      | Jannitor the Demigod Fire Elementalist began the quest for the Orb.
     0 | D:1      | Reached XP level 1. HP: 14/14 MP: 5/5
   167 | D:1      | Reached skill level 3 in Fire Magic
   517 | D:1      | Reached XP level 2. HP: 20/20 MP: 5/7
  1639 | D:2      | Found a deep blue altar of Sif Muna.
  1713 | D:2      | Reached XP level 3. HP: 26/26 MP: 2/8
  1815 | D:2      | Learned a level 3 spell: Conjure Flame
  2048 | D:2      | Reached skill level 4 in Fire Magic
  2295 | D:2      | Found a faded altar of an unknown god.
  2378 | D:2      | Reached skill level 1 in Armour
  2844 | D:2      | Reached XP level 4. HP: 33/33 MP: 7/9
  3302 | D:3      | Found a sacrificial altar of Ru.
  3303 | D:3      | Found a white marble altar of Elyvilon.
  3305 | D:3      | Found a basalt altar of Yredelemnul.
  3978 | D:4      | Reached XP level 5. HP: 38/38 MP: 6/10
  4191 | D:4      | Found a glowing drain.
  4205 | Sewer    | Entered a sewer
  4302 | Sewer    | Reached skill level 5 in Fire Magic
  4358 | Sewer    | Reached XP level 6. HP: 20/45 MP: 4/11
  5011 | Sewer    | Reached skill level 6 in Fire Magic
  5117 | Sewer    | Reached XP level 7. HP: 50/50 MP: 10/12
  5475 | D:4      | Learned a level 4 spell: Sticky Flame
  5733 | D:4      | Reached skill level 5 in Armour
  5935 | D:4      | Noticed Duvessa
  5935 | D:4      | Noticed Dowan
  5947 | D:4      | Killed Duvessa
  5947 | D:4      | Reached skill level 7 in Fire Magic
  6323 | D:3      | Killed Dowan
  6323 | D:3      | Reached skill level 1 in Conjurations
  6662 | D:4      | Reached XP level 8. HP: 47/57 MP: 10/14
  7503 | D:5      | Entered Level 5 of the Dungeon
  7547 | D:5      | Noticed Menkaure
  7740 | D:5      | Killed Menkaure
  7908 | D:5      | Noticed Ijyb
  7915 | D:5      | Killed Ijyb
  8279 | D:5      | Found a staircase to the Ecumenical Temple.
  8428 | D:5      | Noticed Blork the orc
  8444 | D:5      | Killed Blork the orc
  8551 | D:5      | Found a hazy altar of Hepliaklqana.
  8581 | D:5      | Reached skill level 8 in Fire Magic
  9369 | D:6      | Reached XP level 9. HP: 53/62 MP: 12/18
  9633 | D:6      | Noticed a two-headed ogre
  9657 | D:6      | Killed a two-headed ogre
 10016 | D:6      | Reached skill level 5 in Dodging
 10274 | D:6      | Learned a level 5 spell: Fireball
 11091 | D:6      | Reached skill level 5 in Conjurations
 11145 | D:6      | Reached skill level 5 in Spellcasting
 11688 | D:7      | Reached XP level 10. HP: 69/69 MP: 14/21
 11772 | D:7      | Found a snail-covered altar of Cheibriados.
 12076 | D:8      | Noticed Grum
 12097 | D:8      | Killed Grum
 12682 | D:8      | Reached skill level 1 in Fighting
 12714 | D:8      | Noticed Pikel
 12722 | D:8      | Killed Pikel
 14831 | D:9      | Noticed an unseen horror
 14839 | D:9      | Killed an unseen horror
 14839 | D:9      | Reached XP level 11. HP: 72/82 MP: 17/25
 14879 | D:9      | Noticed a two-headed ogre
 14891 | D:9      | Killed a two-headed ogre
 15125 | D:9      | Gained mutation: You do not regenerate when monsters are visible. [mutagenic meat]
 15126 | D:9      | Gained mutation: Your mind is acute. (Int +2) [mutagenic meat]
 15127 | D:9      | Gained mutation: Armour fits poorly on your strangely shaped body. [mutagenic meat]
 15132 | D:9      | Lost mutation: Armour fits poorly on your strangely shaped body. [potion of mutation]
 15132 | D:9      | Lost mutation: You do not regenerate when monsters are visible. [potion of mutation]
 15132 | D:9      | Lost mutation: Your mind is acute. (Int +2) [potion of mutation]
 15132 | D:9      | Gained mutation: You are weak. (Str -2) [potion of mutation]
 15132 | D:9      | Gained mutation: You have a somewhat thin skeletal structure. (Dex +2, Stealth) [potion of mutation]
 15423 | D:9      | Found a staircase to the Orcish Mines.
 15676 | D:10     | Entered Level 10 of the Dungeon
 15770 | D:10     | Found Dija's Distillery.
 15927 | D:10     | Bought a potion of magic for 88 gold pieces
 15927 | D:10     | Bought a potion of invisibility for 88 gold pieces
 16115 | D:10     | Noticed an unseen horror
 16129 | D:10     | Killed an unseen horror
 16899 | D:11     | Noticed an unseen horror
 16955 | D:11     | Gained mutation: You have a pair of small horns on your head. [mutagenic meat]
 16977 | D:11     | Killed an unseen horror
 17090 | D:11     | Noticed Erica
 17110 | D:11     | Killed Erica
 17165 | D:11     | Found Nehiudor's Food Boutique.
 17225 | D:11     | Reached skill level 5 in Fighting
 17892 | D:11     | Found a staircase to the Lair.
 17977 | D:11     | Found a shattered altar of Ashenzari.
 19047 | Lair:1   | Entered Level 1 of the Lair of Beasts
 19629 | Lair:1   | Reached XP level 12. HP: 72/95 MP: 9/28
 19763 | Lair:1   | Noticed a six-headed hydra
 19767 | Lair:1   | Killed a six-headed hydra
 21187 | Lair:2   | Got a fabulously ornate robe
 21188 | Lair:2   | Identified the cursed +0 robe of the Imp {rElec rF+ Str+4} (You found it on level 2 of the Lair of Beasts)
 21244 | Lair:2   | Noticed a four-headed hydra
 21250 | Lair:2   | Killed a four-headed hydra
 21444 | Lair:2   | Identified the Almanac of Creative Clay
 21773 | Lair:2   | Learned a level 1 spell: Summon Butterflies
 21947 | Lair:2   | Found a staircase to the Swamp.
 23871 | Lair:4   | Noticed a four-headed hydra
 23899 | Lair:3   | Killed a four-headed hydra
 23899 | Lair:3   | Reached skill level 10 in Dodging
 24990 | Lair:4   | Found a hole to the Spider Nest.
 25373 | Lair:4   | Reached XP level 13. HP: 107/107 MP: 26/31
 25636 | Lair:5   | Found a labyrinth entrance.
 25677 | Lab      | Entered a labyrinth
 26438 | Lab      | Got a faintly glowing amber ring
 26456 | Lab      | Learned a level 6 spell: Bolt of Fire
 26486 | Lair:5   | Identified the cursed ring "Etusotir" {rN+ AC-2 Str-2 Dex+4} (You took it off a minotaur in a labyrinth)
 26969 | Lair:5   | Reached skill level 9 in Fire Magic
 27428 | Lair:4   | Reached skill level 10 in Conjurations
 28131 | Lair:6   | Entered Level 6 of the Lair of Beasts
 28967 | Lair:6   | Found a viscous altar of Jiyva.
 28967 | Lair:6   | Found a staircase to the Slime Pits.
 29656 | Lair:6   | Reached skill level 10 in Fire Magic
 30402 | Lair:6   | Paralysed by a hornet for 1 turns
 31234 | Lair:6   | Reached skill level 10 in Spellcasting
 32092 | Orc:1    | Entered Level 1 of the Orcish Mines
 32118 | Orc:1    | Noticed an orc warlord
 32478 | D:9      | Killed an orc warlord
 32478 | D:9      | Reached XP level 14. HP: 67/118 MP: 5/32
 34135 | Orc:2    | Entered Level 2 of the Orcish Mines
 34143 | Orc:2    | Noticed an orc warlord
 34561 | Orc:2    | Found a staircase to the Elven Halls.
 35201 | Orc:2    | Paralysed by an orc sorcerer for 5 turns
 35654 | Orc:1    | Gained mutation: You are occasionally teleported next to monsters. [mutagenic meat]
 35655 | Orc:1    | Gained mutation: You are frail. (-10% HP) [mutagenic meat]
 35656 | Orc:1    | Gained mutation: Your flesh is cold resistant. (rC+) [mutagenic meat]
 35658 | Orc:1    | Lost mutation: You are weak. (Str -2) [potion of mutation]
 35658 | Orc:1    | Lost mutation: You are frail. (-10% HP) [potion of mutation]
 35658 | Orc:1    | Lost mutation: Your flesh is cold resistant. (rC+) [potion of mutation]
 35658 | Orc:1    | Gained mutation: You tend to lose your temper in combat. [potion of mutation]
 35658 | Orc:1    | Lost mutation: You tend to lose your temper in combat. [potion of mutation]
 35659 | Orc:1    | Lost mutation: You have a pair of small horns on your head. [potion of mutation]
 35659 | Orc:1    | Lost mutation: You are occasionally teleported next to monsters. [potion of mutation]
 35659 | Orc:1    | Lost mutation: You have a somewhat thin skeletal structure. (Dex +2, Stealth) [potion of mutation]
 35659 | Orc:1    | Gained mutation: Your movements are slightly less encumbered by armour. (ER -2) [potion of mutation]
 35659 | Orc:1    | Gained mutation: Your mind is acute. (Int +2) [potion of mutation]
 35659 | Orc:1    | Gained mutation: You are partially covered in rugged brown scales. (AC +1, +3% HP) [potion of mutation]
 35850 | Orc:2    | Reached skill level 11 in Fire Magic
 37109 | Orc:2    | Found Haov Umm's Antique Armour Shoppe.
 37171 | Orc:2    | Found Zoseaty's Antique Weapon Shoppe.
 37362 | Orc:2    | Found Giel's Book Emporium.
 37412 | Orc:2    | Bought an embroidered cloak for 180 gold pieces
 37602 | Orc:2    | Found Yjemoysial's General Store.
 37611 | Orc:2    | Bought an uncursed staff of energy for 425 gold pieces
 37616 | Orc:2    | Killed an orc warlord
 38663 | Swamp:1  | Entered Level 1 of the Swamp
 39035 | D:12     | Found a blossoming altar of Fedhas.
 39071 | D:12     | Noticed Frances
 39082 | D:12     | Killed Frances
 39082 | D:12     | Reached skill level 1 in Evocations
 40504 | Orc:2    | Bought a scorched quarterstaff for 297 gold pieces
 40504 | Orc:2    | Identified the +8 quarterstaff "Puasedgh" {drain, rElec rN++} (You bought it in a shop on level 2 of the Orcish Mines)
 40887 | D:13     | Reached skill level 1 in Staves
 41467 | D:13     | Noticed Rupert
 41476 | D:13     | Killed Rupert
 41695 | D:13     | Reached skill level 12 in Fire Magic
 42824 | D:14     | Reached XP level 15. HP: 127/128 MP: 17/34
 43590 | D:14     | Found a gate to the Vaults.
 44591 | D:14     | Found Zyotut's Armour Shoppe.
 44744 | D:15     | Entered Level 15 of the Dungeon
 45696 | D:15     | Found a shadowy altar of Dithmenos.
 46172 | D:15     | Found a staircase to the Depths.
 46760 | D:15     | Reached skill level 5 in Evocations
 47319 | Lair:2   | Reached skill level 5 in Staves
 49519 | Swamp:1  | Learned a level 2 spell: Sublimation of Blood
 50047 | Lair:2   | Reached skill level 13 in Fire Magic
 50239 | Swamp:1  | Noticed a tentacled monstrosity
 50240 | Swamp:1  | Found a runed door.
 50377 | Swamp:1  | Paralysed by a hornet for 3 turns
 51905 | Swamp:1  | Killed a tentacled monstrosity
 52164 | Swamp:2  | Reached skill level 10 in Armour
 52408 | Swamp:2  | Reached XP level 16. HP: 51/135 MP: 7/35
 53177 | Swamp:2  | Noticed Kirke
 53203 | Swamp:2  | Killed Kirke
 55443 | Swamp:3  | Noticed Mara
 55453 | Swamp:3  | Noticed Jannitor's illusion
 55792 | Spider:1 | Entered Level 1 of the Spider Nest
 56286 | Spider:1 | Reached skill level 14 in Fire Magic
 57417 | Spider:1 | Learned a level 7 spell: Orb of Destruction
 57549 | Spider:2 | Noticed Arachne
 57565 | Spider:2 | Killed Arachne
 57893 | Spider:2 | Found a frozen archway.
 57897 | Spider:2 | Noticed Agnes
 57909 | Spider:2 | Killed Agnes
 57980 | IceCv    | Entered an ice cave
 58623 | IceCv    | Identified the +9 demon blade of the Unseen Realm {vamp, rN+ Dex+4} (You found it in an ice cave)
 59027 | Spider:2 | Got an iridescent quarterstaff
 59028 | Spider:2 | Identified the +3 quarterstaff of Causality {flame, rN+ Int+2} (You found it on level 2 of the Spider Nest)
 59446 | Spider:2 | Reached XP level 17. HP: 126/142 MP: 16/36
 59835 | Spider:2 | Noticed Asterion
 59846 | Spider:2 | Killed Asterion
 61856 | Spider:3 | Found a runed door.
 62168 | Spider:3 | Noticed Nikola
 62203 | Spider:2 | Killed Nikola
 62312 | Spider:3 | Reached skill level 10 in Staves
 63706 | Spider:3 | Reached skill level 15 in Fire Magic
 63863 | Spider:4 | Entered Level 4 of the Spider Nest
 64331 | Spider:4 | Noticed Donald
 64722 | Spider:3 | Killed Donald
 66050 | Spider:4 | Reached XP level 18. HP: 124/150 MP: 7/38
 66951 | Swamp:3  | Noticed Jannitor's illusion
 66956 | Swamp:3  | Killed from afar by Mara (illusionary)

Skill      XL: |  1  2  3  4  5  6  7  8  9 10 11 12 13 14 15 16 17 18 |
---------------+-------------------------------------------------------+-----
Fire Magic     | 3 4 5 6 7 8 10 12 13 14 15 | 15.3
Armour         | 1 2 3 4 5 6 8 10 11 13 | 13.1
Conjurations   | 1 3 5 6 8 9 10 11 12 | 12.6
Dodging        | 2 3 5 7 8 10 | 10.2
Spellcasting   | 2 3 5 6 8 9 10 | 10.7
Fighting       | 3 5 7 9 |  9.6
Evocations     | 3 6 |  6.0
Staves         | 2 6 9 10 11 | 11.0
Stealth        | |  1.7

Action                   |  1- 3 |  4- 6 |  7- 9 | 10-12 | 13-15 | 16-18 || total
-------------------------+-------+-------+-------+-------+-------+-------++-------
Melee: Short sword       |   133 |    28 |    62 |   274 |   247 |       ||   744
       Headbutt          |       |       |       |    26 |    42 |       ||    68
       Quarterstaff      |       |       |       |       |   224 |   578 ||   802
       Staff             |       |       |       |       |    44 |   105 ||   149
 Cast: Flame Tongue      |    88 |   105 |   349 |   485 |   210 |    21 ||  1258
       Conjure Flame     |       |       |    12 |    13 |    24 |    43 ||    92
       Sticky Flame      |       |       |    21 |   161 |   308 |   245 ||   735
       Fireball          |       |       |       |    15 |    85 |     3 ||   103
       Summon Butterflie |       |       |       |     2 |       |       ||     2
       Bolt of Fire      |       |       |       |       |   207 |   258 ||   465
       Orb of Destructio |       |       |       |       |       |     1 ||     1
Evoke: Staff of energy   |       |       |       |       |    25 |   126 ||   151
       Wand              |       |       |       |       |     4 |     5 ||     9
  Use: Scroll            |       |     2 |     4 |     9 |    21 |    21 ||    57
       Potion            |       |       |       |     4 |     9 |    28 ||    41
 Stab: Sleeping          |       |       |       |     1 |     1 |       ||     2
       Invisible         |       |       |       |       |       |     1 ||     1
  Eat: Chunk             |     7 |     9 |    25 |    48 |    73 |    31 ||   193
       Bread ration      |       |       |       |     3 |     7 |     2 ||    12
       Royal jelly       |       |       |       |       |     1 |     3 ||     4
       Meat ration       |       |       |       |       |       |     3 ||     3
       Fruit             |       |       |       |       |       |     2 ||     2
Armor: Robe              |     3 |       |     7 |    34 |    17 |       ||    61
       Leather armour    |    12 |    28 |    38 |    17 |       |       ||    95
       Acid dragon scale |       |       |       |    96 |   101 |       ||   197
       Skin              |       |       |       |       |    33 |       ||    33
       Ice dragon scales |       |       |       |       |   290 |  1055 ||  1345
Dodge: Dodged            |    31 |    48 |   159 |   618 |   980 |  1255 ||  3091
